 Dungeon Crawl Stone Soup version 0.20.1-1-g8b1a95d (webtiles) character file.

187 FollowTheCloud the Sneak (level 5, 0/36 HPs)
             Began as a Spriggan Enchanter on Aug 10, 2017.
             Was an Initiate of Kikubaaqudgha.
             Succumbed to a killer bee's poison
             ... on level 3 of the Dungeon.
             The game lasted 00:09:55 (2395 turns).

FollowTheCloud the Sneak (Spriggan Enchanter)       Turns: 2395, Time: 00:09:55

Health: 0/36       AC: 22    Str:  4    XL:     5   Next: 39%
Magic:  7/11       EV:  4    Int: 17    God:    Kikubaaqudgha [......]
Gold:   145        SH:  0    Dex: 22    Spells: 2/11 levels left

rFire    + . .     SeeInvis +   e - +1 dagger (speed)
rCold    + . .     Gourm    .   (shield restricted)
rNeg     + + +     Faith    .   (armour currently unavailable)
rPois    +         Spirit   .   (helmet currently unavailable)
rElec    +         Reflect  .   (cloak currently unavailable)
rCorr    +         Harm     .   (gloves unavailable)
MR       .....     NoTele   +   (boots unavailable)
Stlth    +++++.....             (no amulet)
Regen    0.2/turn               (no ring)
MPRegen  0.2/turn               (no ring)

@: agile, lethally poisoned (0 -> -1), tree-form, resistant, very slightly
contaminated
A: unfitting armour, see invisible, herbivore 3, slow metabolism 2
a: Renounce Religion


You were on level 3 of the Dungeon.
You worshipped Kikubaaqudgha.
Kikubaaqudgha was noncommittal.
You were hungry.
You were a tree.
You visited 1 branch of the dungeon, and saw 3 of its levels.

You collected 145 gold pieces.

Inventory:

Hand Weapons
 e - a +1 dagger of speed (weapon)
Missiles
 s - 6 needles of confusion
Armour
 b - a +0 robe (melded)
 i - a +0 hat (melded)
Jewellery
 f - an uncursed amulet of rage {unknown}
 h - an uncursed ring of see invisible {unknown}
 l - a +3 ring of dexterity {unknown}
Wands
 j - a wand of polymorph (15/24)
 n - a wand of polymorph (8/24)
Scrolls
 a - a scroll of remove curse {unknown}
 k - a scroll of teleportation {unknown}
 o - 3 scrolls of identify {unknown}
 q - a scroll of enchant armour {unknown}
 r - a scroll of enchant weapon {unknown}
Potions
 t - a potion of flight
Books
 c - a book of Maledictions

   Spells                             Type                      Level
   a - Corona                         Hexes                        1
   b - Ensorcelled Hibernation        Hexes/Ice                    2
   c - Confuse                        Hexes                        3
   d - Tukima's Dance                 Hexes                        3
   e - Dazzling Spray                 Conjuration/Hexes            3
Comestibles
 d - 3 bread rations
 g - 2 royal jellies


   Skills:
 + Level 2.7 Short Blades
 + Level 4.4 Dodging
 + Level 5.6 Stealth
 + Level 3.9 Spellcasting
 + Level 4.7 Hexes


You had 2 spell levels left.
You knew the following spells:

 Your Spells              Type           Power        Failure   Level  Hunger
a - Corona                Hex            ###....      2%          1    None
b - Ensorcelled Hibernat  Hex/Ice        ##....       9%          2    ##.....
c - Confuse               Hex            ###.....     7%          3    ###....
d - Tukima's Dance        Hex            ###.....     7%          3    ###....


Dungeon Overview and Level Annotations

Branches:
Dungeon (3/15)

Altars:
Kikubaaqudgha


Innate Abilities, Weirdness & Mutations

You are very small and have problems with some larger weapons.
You are too small for most types of armour.
You have supernaturally acute eyesight. (SInv)
You are a herbivore.
((You cover ground extremely quickly.))
You need consume almost no food.


Message History

* * * LOW HITPOINT WARNING * * *
You feel sick.
It was a potion of agility.
You feel agile all of a sudden.
It was a potion of resistance.
You feel protected.
Aiming: Polymorph (will waste charges)
Press: ? - help, Shift-Dir - straight line, f - you That beam is likely to hit you.
Continue anyway?
You turn into a tree.
Your +0 hat melds into your body.
Your +0 robe melds into your body.
Your roots penetrate the ground.
Evoking this partially-identified wand wasted a few charges.
* * * LOW HITPOINT WARNING * * *
You feel sick.
* * * LOW HITPOINT WARNING * * *
You feel sick.
* * * LOW HITPOINT WARNING * * *
You feel sick.
You die...
Kikubaaqudgha rasps: "You have failed me!
Welcome... death!"

######.#####.........###.########
......>....'..........[÷.......##
.###########.........###.#####..#
.(.#### #..[......# #.# ##.#
......# #....<....# #.# #..
......# #........>###.# ##.
......# #)............# #.
......######.............# ##
......#.........♣........# ##
...†..#..................# #.
......'..................# #.
......#.###..............# #.
......#.# #..........###.# #.
......#.# #[....(....# .# ##
#######.# #..........###'#####
#.# ##########.......... #.#
########.##.......


There were no monsters in sight!

Vanquished Creatures
  2 killer bees
  An orc wizard (D:2)
  2 adders
  A worm (D:2)
  4 dart slugs
  2 leopard geckos (D:1)
  2 orcs (D:3)
  2 giant cockroaches
  3 goblins (D:2)
  5 hobgoblins
  3 jackals (D:3)
  5 kobolds
  A quokka (D:2)
  6 bats
  5 frilled lizards
  2 rats
46 creatures vanquished.

Notes
Turn   | Place    | Note
-------+----------+-------------------------------------------
     0 | D:1      | FollowTheCloud the Spriggan Enchanter began the quest for the Orb.
     0 | D:1      | Reached XP level 1. HP: 9/9 MP: 5/5
   298 | D:1      | Reached XP level 2. HP: 13/13 MP: 6/6
   664 | D:1      | Learned a level 2 spell: Ensorcelled Hibernation
   884 | D:1      | Reached XP level 3. HP: 13/16 MP: 0/8
   933 | D:2      | Found an ancient bone altar of Kikubaaqudgha.
   957 | D:2      | Became a worshipper of Kikubaaqudgha
  1003 | D:2      | Learned a level 3 spell: Confuse
  1751 | D:2      | Reached skill level 5 in Stealth
  1751 | D:2      | Reached XP level 4. HP: 21/21 MP: 7/10
  1788 | D:3      | Learned a level 3 spell: Tukima's Dance
  2094 | D:2      | Reached XP level 5. HP: 11/24 MP: 5/11
  2391 | D:3      | HP: 1/36 [poisoned by a killer bee]
  2395 | D:3      | Succumbed to a killer bee's poison

Skill      XL: |  1  2  3  4 |
---------------+-------------+-----
Spellcasting   | 3 |  3.9
Hexes          | 4 |  4.7
Short Blades   | 2 |  2.7
Stealth        | 5 |  5.6
Dodging        | 4 |  4.4

Action                   |  1- 3 |  4- 6 || total
-------------------------+-------+-------++-------
Melee: Dagger            |   125 |    70 ||   195
 Cast: Ensorcelled Hiber |     7 |     6 ||    13
       Confuse           |     1 |     4 ||     5
Evoke: Wand              |       |     1 ||     1
  Use: Potion            |       |     3 ||     3
 Stab: Sleeping          |    11 |     3 ||    14
       Confused          |     1 |     1 ||     2
Armor: Robe              |    10 |     4 ||    14
Dodge: Dodged            |    94 |    59 ||   153
